 Dungeon Crawl Stone Soup version 0.28-a0-802-g09f76e8c00 (webtiles) character file.

Game seed: 77859446961784944

2389 vurker the Zephyrmancer (level 9, 43/43 HPs)
             Began as a Felid Air Elementalist on Nov 6, 2021.
             Was a Priest of Vehumet.
             Quit the game on level 12 of the Dungeon.
             The game lasted 00:24:36 (18591 turns).

vurker the Zephyrmancer (Felid Air Elementalist)   Turns: 18591, Time: 00:24:36

Health: 43/43      AC:  2    Str:  4    XL:     9   Next: 22%
Magic:  24/24      EV: 17    Int: 26    God:    Vehumet [***...]
Gold:   480        SH:  0    Dex: 17    Spells: 23/28 levels left
                                        Lives:  0   Deaths: 3

rFire   . . .      SeeInvis +   (weapon unavailable)
rCold   + . .      Faith    .   (shield unavailable)
rNeg    . . .      Spirit   .   (armour unavailable)
rPois   .          Reflect  .   (helmet unavailable)
rElec   .          Harm     .   (cloak unavailable)
rCorr   .          Rampage  .   (gloves unavailable)
Will    +....                   (boots unavailable)
Stlth   ++........              l - amulet of magic regeneration
HPRegen 0.14/turn               e - ring of protection from cold
MPRegen 0.44/turn               g - +6 ring of intelligence

@: quick
A: very small, claws 1, fangs 3, see invisible, speed 1, shaggy fur 2, stealthy
paws, no weapons or thrown items, no armour, multi-lived
a: Renounce Religion


You were on level 12 of the Dungeon.
You worshipped Vehumet.
Vehumet was most pleased with you.
You visited 2 branches of the dungeon, and saw 13 of its levels.
You also visited: Gauntlet.

You collected 550 gold pieces.
You spent 70 gold pieces at shops.

Inventory:

Jewellery
 e - a ring of protection from cold (left paw)
   (You found it on level 1 of the Dungeon)
 g - a +6 ring of intelligence (right paw)
   (You found it on level 10 of the Dungeon)
 k - an amulet of the acrobat
   (You took it off a kobold on level 3 of the Dungeon)
 l - an amulet of magic regeneration (around neck)
   (You acquired it on level 8 of the Dungeon)
 p - a ring of fire
   (You found it on level 7 of the Dungeon)
Wands
 d - a wand of iceblast (20)
   (You found it on level 9 of the Dungeon)
 t - a wand of flame (23)
   (You found it on level 6 of the Dungeon)
 v - a wand of digging (3)
   (You found it on level 8 of the Dungeon)
 x - a wand of acid (4)
   (You found it on level 9 of the Dungeon)
 y - a wand of polymorph (16)
   (You found it on level 11 of the Dungeon)
Scrolls
 i - 3 scrolls of fear
 j - 2 scrolls of immolation
 o - a scroll of magic mapping
 q - a scroll of fog
 s - 6 scrolls of identify
 u - a scroll of amnesia
 w - a scroll of blinking
Potions
 b - 3 potions of heal wounds
 c - 2 potions of curing
 f - 2 potions of attraction
 h - 2 potions of invisibility
 m - 2 potions of brilliance
 n - a potion of resistance
 r - a potion of lignification


   Skills:
 + Level 7.3 Fighting
 - Level 2.6 Dodging
 - Level 2.6 Stealth
 * Level 10.0 Spellcasting
 + Level 6.8 Conjurations
 * Level 10.1 Air Magic


You had 23 spell levels left.
You knew the following spells:

 Your Spells              Type           Power      Damage    Failure   Level
a - Shock                 Conj/Air       100%       1d9       1%          1
c - Airstrike             Air            30%        N/A       1%          4

Your spell library contained the following spells:

 Spells                   Type           Power      Damage    Failure   Level
 Fulminant Prism          Conj/Hex       15%        3d11      3%          4
 Foxfire                  Conj/Fire      100%       2x1d9     1%          1
 Freeze                   Ice            52%        1d7       1%          1
 Static Discharge         Conj/Air       55%        N/A       1%          2
 Conjure Flame            Conj/Fire      30%        6-21      1%          3
 Swiftness                Air            60%        N/A       1%          3
 Flame Wave               Conj/Fire      30%        3d7       3%          4
 Hailstorm                Conj/Ice       30%        3d8       3%          4
 Beastly Appendage        Tmut           26%        N/A       4%          1
 Pain                     Necr           52%        1d6       4%          1
 Frozen Ramparts          Ice            26%        1d4       4%          3
 Inner Flame              Hex/Fire       13%        N/A       4%          3
 Summon Lightning Spire   Summ/Air       39%        N/A       5%          4
 Wereblood                Tmut           13%        N/A       7%          2
 Spider Form              Tmut/Pois      13%        N/A       14%         3
 Maxwell's Capacitive Co  Air            30%        ∞         71%         8
 Agony                    Necr           13%        N/A       77%         5
 Storm Form               Tmut/Air       19%        N/A       99%         7
 Excruciating Wounds      Necr           Unusable   N/A       N/A         5

Dungeon Overview and Level Annotations

Branches:
Dungeon (12/15)            Temple (1/1) D:5            Lair (0/6) D:11
    Orc (0/2) D:9         Gauntlet (visited)

Altars:
Ashenzari
Cheibriados
Dithmenos
Elyvilon
Fedhas
Hepliaklqana
Kikubaaqudgha
Nemelex Xobeh
Okawaru
Ru
Sif Muna
Uskayaw
Vehumet
Wu Jian
Yredelemnul
Zin
The Shining One
Beogh

Shops:
D:2 ?   D:5 (   D:7 *

Annotations:
D:7 2 runed translucent doors
D:12 Psyche


Innate Abilities, Weirdness & Mutations

You have sharp claws.
You have razor-sharp teeth.
You have supernaturally acute eyesight. (SInv)
You cover ground quickly. (Speed+)
You are covered in thick fur. (AC +2)
Your paws help you pounce on unaware monsters.
You are incapable of wielding weapons or throwing items.
You cannot wear armour.
You gain extra lives every three experience levels.


Message History

You can't see any susceptible monsters within range! (Use Z to cast anyway.)
You can't see any susceptible monsters within range! (Use Z to cast anyway.)
Aim: a slime creature (heavily wounded, empty space bonus: 8/8)
The air twists around and strikes the slime creature!
Aim: a slime creature (severely wounded, empty space bonus: 8/8)
The air twists around and strikes the slime creature!
You kill the slime creature!
Vehumet accepts your kill.
Your Spellcasting skill increases to level 10!
Aim: a slime creature (empty space bonus: 8/8)
The air twists around and strikes the slime creature!
Aim: a slime creature (moderately wounded, empty space bonus: 8/8)
The air twists around and strikes the slime creature!
Aim: a slime creature (heavily wounded, empty space bonus: 8/8)
The air twists around and strikes the slime creature!
Aim: a slime creature (severely wounded, empty space bonus: 8/8)
The air twists around and strikes the slime creature!!
You kill the slime creature!
Vehumet accepts your kill.
You feel your power returning.
Done exploring.
There is a stone staircase leading down here.
You climb downwards.
You feel a wave of frost pass over you.
There is an entrance to an ice cave on this level.
Hurry and find it before the portal melts!
You hear the faint crackling of a very distant melting archway.
The cyclops shouts!
Psyche shouts!
Psyche gestures at you while chanting. You resist with almost no effort.
The cyclops throws a large rock.
The large rock hits you!!!
Ouch! That really hurt!
* * * LOW HITPOINT WARNING * * *
You hear an angry buzzing noise.
Found a potion of heal wounds.
There is a stone staircase leading up, spattered with blood here.
The cyclops throws a large rock.
The large rock hits you!
You stop ascending the stairs.
You die...
A vampire mosquito comes into view.
You are now level 9!
You rejoin the land of the living...
Found 26 gold pieces.
Unknown command.
Saving game... please wait.
You feel a wave of frost pass over you.
There is an entrance to an ice cave on this level.
Hurry and find it before the portal melts!
Level annotation: Psyche Options error: Bad channel -- rotten_meat (~/.crawlrc:4171) Welcome back, vurker the Felid Air Elementalist.
Vehumet says: Let it end in hellfire!

...,,,,,,,,,,,,,>...J...........,
...,,,,,,.......................,
...,,,,,,.......................,
.(.,,,,,,.......................,
...,,,,,,...$...........,,,,,,,,,
...,,,,,,...............,,,,,,,,,
...,,,,,,...............,,,,,,,,,
...,,,,,,...............,,,,,,,,,
...,,,,,,.......@.....$.,,,,,,,,,
..#**,,,*##########.....,,,,,,,,,
..# ***** *,,...,,,*,,,,, **#
*,,,,.,,,****** ****,,,,,*
*,,,,,* *,,,,,* *,,,,,* *,,,,,*


There were no monsters in sight!

Vanquished Creatures
  A death knight (D:11)
  A two-headed ogre (D:8)
  Sonja (D:11)
  2 oklob plants (D:11)
  A gargoyle (D:7)
  A kobold demonologist (D:11)
  Maggie (D:8)
  2 hornets
  2 slime creatures (D:11)
  A vampire (D:12)
  2 wraiths
  5 yaks (D:10)
  4 vampire mosquitoes (D:8)
  Menkaure (D:5)
  An acid dragon (D:11)
  A water moccasin (D:6)
  2 ice beasts
  A necrophage (D:7)
  3 orc warriors
  A black bear (D:5)
  An ogre (D:3)
  7 centaurs
  A phantom (D:4)
  3 kobold brigands
  3 bullfrogs
  A scorpion (D:5)
  A water moccasin zombie (D:6)
  A water moccasin skeleton (D:5)
  5 killer bees (D:10)
  4 howler monkeys
  7 centaur zombies
  A bullfrog zombie (D:5)
  2 hounds
  9 orc priests
  A gnoll shaman (D:2)
  5 jellies
  A centaur skeleton (D:4)
  4 iguanas
  17 orc wizards
  4 howler monkey zombies
  7 gnolls
  4 river rats (D:3)
  10 adders
  3 howler monkey skeletons
  A shadow imp (D:8)
  2 worms (D:3)
  4 dart slugs
  39 orcs
  8 endoplasms
  4 giant cockroaches
  5 goblins
  5 hobgoblins
  7 quokkas
  5 ball pythons
  9 bats
  7 frilled lizards
  2 goblin skeletons (D:8)
  2 hobgoblin zombies (D:8)
  16 kobolds
  2 orc skeletons (D:8)
  An orc zombie (D:8)
  10 rats
265 creatures vanquished.

Vanquished Creatures (others)
  An orc wizard (D:4)
  5 plants
6 creatures vanquished.

Grand Total: 271 creatures vanquished

Notes
Turn   | Place    | Note
-------+----------+-------------------------------------------
     0 | D:1      | vurker the Felid Air Elementalist began the quest for the
                  | Orb.
     0 | D:1      | Reached XP level 1. HP: 7/7 MP: 4/4
   339 | D:1      | Reached skill level 1 in Conjurations
   752 | D:1      | Reached XP level 2. HP: 11/11 MP: 3/6
   867 | D:1      | You fall into a shaft and drop 1 floor!
   938 | D:1      | Found a faded altar of an unknown god.
  1835 | D:2      | Reached XP level 3. HP: 15/15 MP: 2/7
  2155 | D:2      | Reached skill level 1 in Fighting
  2743 | D:3      | Reached XP level 4. HP: 4/19 MP: 5/9
  3466 | D:3      | Reached XP level 5. HP: 16/22 MP: 0/10
  3759 | D:3      | Noticed an ogre
  3785 | D:3      | Killed an ogre
  4067 | D:3      | Gained mutation: You are covered in thick fur. (AC +2)
                  | [Felid growth]
  4067 | D:3      | Reached XP level 6. HP: 26/26 MP: 6/12
  4845 | D:2      | Found Suoxoucu's Magic Scroll Shop.
  4854 | D:2      | Bought a scroll of identify for 28 gold pieces
  4860 | D:2      | Bought a scroll of teleportation for 42 gold pieces
  5470 | D:3      | Found a shimmering blue altar of Sif Muna.
  6329 | D:4      | Learned a level 4 spell: Airstrike
  6391 | D:4      | Reached XP level 7. HP: 30/30 MP: 9/14
  6429 | D:4      | Found a shadowy altar of Dithmenos.
  6518 | D:4      | Reached skill level 5 in Air Magic
  7534 | D:4      | Found a broken altar of Ashenzari.
  7798 | D:5      | Entered Level 5 of the Dungeon
  7817 | D:5      | Noticed Menkaure
  7899 | D:5      | Found a staircase to the Ecumenical Temple.
  7915 | Temple   | Entered the Ecumenical Temple
  8017 | Temple   | Became a worshipper of Vehumet
  8052 | D:5      | Reached skill level 5 in Spellcasting
  8131 | D:5      | Found Juunlan's Weapon Shop.
  8181 | D:5      | Killed Menkaure
  8182 | D:5      | Reached XP level 8. HP: 12/34 MP: 11/16
  8555 | D:5      | Found an ornate altar of the Wu Jian Council.
 10309 | D:6      | Found a basalt altar of Yredelemnul.
 11020 | D:7      | Reached XP level 9. HP: 31/39 MP: 11/19
 11115 | D:7      | Reached * piety under Vehumet
 11115 | D:7      | Offered knowledge of Sandblast by Vehumet.
 11209 | D:7      | Found a large runed translucent door.
 11209 | D:7      | Found a large runed translucent door.
 11314 | D:7      | Noticed a gargoyle
 11473 | D:7      | Killed a gargoyle
 11665 | D:7      | Reached skill level 5 in Fighting
 12364 | D:7      | Found Peveamol's Practical Paraphernalia.
 12426 | D:7      | Found a hide-covered altar of Uskayaw.
 12483 | D:7      | Reached skill level 5 in Conjurations
 13524 | D:8      | Noticed Maggie
 13526 | D:8      | Noticed a two-headed ogre
 13539 | D:8      | Killed Maggie
 13539 | D:8      | Offered knowledge of Searing Ray by Vehumet.
 13687 | D:8      | Found the +10 morningstar "Eos" {elec, Halo rElec}
 13709 | D:8      | Reached ** piety under Vehumet
 13726 | D:8      | Reached XP level 10. HP: 42/45 MP: 10/23
 13727 | D:8      | Mangled by a vampire mosquito
 13728 | D:8      | Reached XP level 9. HP: -8/40 MP: 3/22
 13742 | D:8      | Found a glowing golden altar of the Shining One.
 13928 | D:8      | Identified a scroll of acquirement
 13929 | D:8      | Acquired an amulet of magic regeneration
 14147 | D:8      | Killed a two-headed ogre
 14625 | D:8      | Found a glowing golden altar of the Shining One.
 15493 | D:9      | Found a staircase to the Orcish Mines.
 15508 | D:9      | Offered knowledge of Ignite Poison by Vehumet.
 15509 | D:9      | Reached XP level 10. HP: 34/45 MP: 1/23
 15719 | D:10     | Entered Level 10 of the Dungeon
 16103 | D:10     | Reached *** piety under Vehumet
 16423 | D:10     | Offered knowledge of Fulminant Prism by Vehumet.
 16538 | D:10     | Found a hazy altar of Hepliaklqana.
 17008 | D:11     | Noticed a death knight
 17028 | D:11     | Killed a death knight
 17170 | D:11     | Found a gate leading to a gauntlet.
 17173 | D:11     | Noticed Sonja
 17445 | Gauntlet | Entered a Gauntlet
 17445 | Gauntlet | Noticed a sixfirhy
 17445 | Gauntlet | Found a transporter.
 17445 | Gauntlet | Found a transporter.
 17452 | Gauntlet | Noticed a soul eater
 17454 | Gauntlet | Found a transporter.
 17466 | Gauntlet | Found a transporter.
 17483 | Gauntlet | Found the +2 hat of the Bear Spirit {Spirit, *Rage rN+
                  | Will++}
 17484 | Gauntlet | Found a transporter.
 17484 | Gauntlet | Found a transporter.
 17484 | Gauntlet | Found a transporter.
 17486 | Gauntlet | Found a transporter.
 17486 | Gauntlet | Found a transporter.
 17498 | Gauntlet | Noticed a hell hog
 17499 | Gauntlet | Found a transporter.
 17515 | Gauntlet | Found a transporter.
 17518 | Gauntlet | Noticed a fire crab
 17525 | Gauntlet | Found a transporter.
 17525 | Gauntlet | Noticed an elephant
 17527 | Gauntlet | Noticed a dire elephant
 17531 | Gauntlet | Found a transporter.
 17570 | Gauntlet | Found a transporter.
 17866 | D:11     | Found a staircase to the Lair.
 17866 | D:11     | Noticed an oklob plant
 17871 | D:11     | Killed an oklob plant
 17913 | D:11     | Noticed an oklob plant
 17976 | D:11     | Killed an oklob plant
 17977 | D:11     | Reached skill level 10 in Air Magic
 17977 | D:11     | Reached XP level 11. HP: 30/50 MP: 14/25
 18305 | D:11     | Killed Sonja
 18498 | D:11     | Slain by a slime creature
 18499 | D:11     | Reached XP level 10. HP: -4/47 MP: 18/24
 18521 | D:11     | Reached skill level 10 in Spellcasting
 18589 | D:12     | Noticed Psyche
 18589 | D:12     | Noticed a cyclops
 18590 | D:12     | Hit by a large rock thrown by a cyclops
 18591 | D:12     | Reached XP level 9. HP: -10/43 MP: 24/24
 18591 | D:12     | Quit the game

Illustrated notes

Levels and vault maps discovered:
D:1:      kilobyte_arrival_exit_the_forest, layout_basic, serial_forest,
          infiniplex_forest_lined_corner, infiniplex_forest_corner_1,
          infiniplex_forest_end_3, infiniplex_forest_lined_corner,
          infiniplex_forest_clump_tiny, infiniplex_forest_clump_C,
          infiniplex_forest_clump_C, shapermc_ecumenical_altar_venn,
          moated_statue
D:2:      layout_basic, serial_shops, shop_scrolls, grunt_ministairs_12,
          minmay_misc_feat_four_crosses
D:3:      layout_loops_ring, nicolae_sif_muna_condensation,
          lightli_sewer_entry_pipes, minmay_tree_intersection,
          minmay_fractal_squares_diagonal_5
D:4:      layout_basic, nicolae_overflow_crystal_walls, old_standard_altar
D:5:      layout_basic, nzn_wu_jian_contemplation, minmay_temple_entry_glass,
          serial_shops, shop, uniq_menkaure
D:6:      layout_gridville, mainiacjoe_overflow_six_doors_small
D:7:      layout_gridville, mainiacjoe_overflow_alcove_4, jmf_multi_god_temple2,
          nicolae_alphabet_shops, hangedman_decor_opposing
D:8:      layout_cave_pools, nicolae_tso_besieged_by_evil, uniq_maggie
D:9:      layout_rooms, minmay_orc_entry_temple_small
D:10:     layout_roguey, mainiacjoe_overflow_surrounded_room
D:11:     layout_cave_pools, dpeg_oklobed_lair, gauntlet_entry_generic,
          uniq_sonja
D:12:     layout_cross, serial_glass, glass_columns_a, glass_columns_b,
          portal_ice_cave_entry_pillars_2,
          nicolae_gozag_cash_rules_everything_around_me, uniq_psyche
Temple:   nicolae_temple_hex_pool

Skill      XL: |  1  2  3  4  5  6  7  8  9 10 |
---------------+-------------------------------+-----
Conjurations   | 1 2 3 4 5 6 |  6.8
Air Magic      | 3 4 5 6 8 10 | 10.1
Fighting       | 1 2 3 4 6 7 |  7.3
Spellcasting   | 3 4 5 6 8 10 | 10.0
Dodging        | |  2.6
Stealth        | |  2.6

Action                   |  1- 3 |  4- 6 |  7- 9 | 10-12 || total
-------------------------+-------+-------+-------+-------++-------
Melee: Unarmed           |     8 |    25 |     3 |       ||    36
       Bite              |     1 |     4 |       |       ||     5
 Cast: Shock             |    72 |   209 |   288 |    38 ||   607
       Airstrike         |       |       |   115 |    89 ||   204
Evoke: Wand              |       |       |       |     5 ||     5
  Use: Scroll            |       |     5 |    19 |     2 ||    26
       Potion            |       |       |     1 |     2 ||     3
 Stab: Sleeping          |       |     1 |       |       ||     1
Armor: Skin              |     1 |     4 |     7 |     1 ||    13
Dodge: Dodged            |    21 |    48 |   119 |    30 ||   218

Table legend: (Time is in decaauts)
 A = Elapsed time spent in this place.
 B = Non-inter-level travel time spent in this place.
 C = Inter-level travel time spent in this place.
 D = Time resting spent in this place.
 E = Time spent auto-exploring this place.
 F = Levels seen in this place.
 G = Mean time per level.
                   A        B        C        D        E       F      G
               +--------+--------+--------+--------+--------+-----+--------+
         Total |  17040 |  16653 |    387 |   1682 |  12873 |  14 | 1217.1 |
       Dungeon |  16788 |  16426 |    362 |   1682 |  12681 |  12 | 1399.0 |
        Temple |    120 |     96 |     24 |      0 |     82 |   1 |  120.0 |
      Gauntlet |    131 |    131 |      0 |      0 |    110 |   1 |  131.0 |
               +--------+--------+--------+--------+--------+-----+--------+

Top non-repeatable levels by time:
     D:3: 2787 daAuts
     D:7: 2188 daAuts
     D:4: 1659 daAuts
     D:5: 1507 daAuts
     D:1: 1428 daAuts
     D:6: 1376 daAuts
    D:11: 1317 daAuts
     D:2: 1300 daAuts
     D:8: 1203 daAuts
    D:10: 1183 daAuts
     D:9: 819 daAuts
Gauntlet: 131 daAuts
  Temple: 120 daAuts
    D:12: 17 daAuts
